 Dungeon Crawl Stone Soup version 0.22.1-2-g9c5b331383 (webtiles) character file.

3469 Revguard the Cleaver (level 9, -18/118 HPs)
             Began as a Minotaur Fighter on Nov 10, 2018.
             Demolished by Harold
             ... wielding a +0 halberd
              (31 damage)
             ... on level 8 of the Dungeon on Nov 16, 2018.
             The game lasted 00:37:32 (6895 turns).

Revguard the Cleaver (Minotaur Fighter)             Turns: 6895, Time: 00:37:33

Health: -18/118    AC: 24    Str: 26    XL:     9   Next: 79%
Magic:  8/8        EV:  2    Int:  5    God:
Gold:   233        SH: 11    Dex: 13    Spells: 8/8 levels left

rFire    . . .     SeeInvis +   a - +1 war axe
rCold    + . .     Gourm    .   c - +0 shield
rNeg     + + +     Faith    .   (armour currently unavailable)
rPois    +         Spirit   .   (helmet currently unavailable)
rElec    .         Reflect  .   (cloak currently unavailable)
rCorr    .         Harm     .   (gloves currently unavailable)
MR       .....     NoTele   +   (boots currently unavailable)
Stlth    +.........             (no amulet)
HPRegen  0.29/turn              h - ring of see invisible
MPRegen  0.11/turn              u - ring of protection from cold

@: mighty, tree-form
A: (retaliatory headbutt)
a: no special abilities


You were on level 8 of the Dungeon.
You were not hungry.
You were a tree.
You visited 2 branches of the dungeon, and saw 9 of its levels.

You collected 368 gold pieces.
You spent 135 gold pieces at shops.

Inventory:

Hand Weapons
 a - a +1 war axe (weapon)
Armour
 c - a +0 shield (worn)
 m - a +0 plate armour (melded)
 A - the +3 scale mail of the Trombone {MR++ Int+5}
   (You found it on level 6 of the Dungeon)

   It affects your intelligence (+5).
   It affects your resistance to hostile enchantments.
Jewellery
 h - a ring of see invisible (left branch)
 u - a ring of protection from cold (right branch)
Wands
 t - a wand of flame (37)
 y - a wand of polymorph (4)
 z - a wand of random effects (15)
Scrolls
 g - a scroll of blinking
 j - 6 scrolls of remove curse
 k - a scroll of fear {unknown}
 n - 3 scrolls of teleportation
 w - a scroll of random uselessness {unknown}
 x - 3 scrolls of enchant weapon
Potions
 d - 3 potions of might
 e - 2 potions of flight
 i - a potion of haste
 l - a potion of cancellation
 o - a potion of resistance
 p - a potion of curing
Comestibles
 b - 2 chunks of flesh
 f - 10 rations


   Skills:
 + Level 7.1 Fighting
 + Level 10.7 Axes
 + Level 7.9 Armour
 + Level 5.4 Dodging
 + Level 7.6 Shields


You had 8 spell levels left.
You didn't know any spells.
Your spell library was empty.

Dungeon Overview and Level Annotations

Branches:
Dungeon (8/15)             Temple (1/1) D:7
   Lair: D:8-11

Altars:
Ashenzari
Cheibriados
Dithmenos
Elyvilon
Fedhas
Gozag
Hepliaklqana
Kikubaaqudgha
Makhleb
Nemelex Xobeh
Okawaru
Qazlal
Ru
Sif Muna
Trog
Uskayaw
Vehumet
Wu Jian
Xom
Yredelemnul
Zin
The Shining One

Shops:
D:5 *   D:7 ?

Annotations:
D:8 Harold


Innate Abilities, Weirdness & Mutations

((You reflexively headbutt those who attack you in melee.))
((You have a pair of horns on your head.))


Message History

Harold hits you with a halberd!!
* * * LOW HITPOINT WARNING * * *
You turn into a tree.
Your +0 plate armour melds into your body.
Your roots penetrate the ground.
You feel very mighty all of a sudden. Harold hits you but does no damage.
You feel better. You block Harold's attack.
You hit Harold.
Harold is moderately wounded.
You block Harold's attack.
You slash Harold!
Harold is moderately wounded.
Harold barely misses you.
You slash Harold!
Harold is heavily wounded.
Harold hits you with a halberd!!
* * * LOW HITPOINT WARNING * * *
You feel better. Harold hits you with a halberd!!
You die...

####### #### ......#
#.. ......# #.#
...>..### #.#
........ #♣## #
......# ######@.#..#
......# #..........#
....### #.####..##.#
....# ####........#
#
....####...........#
............####.###
....#######.# ....
###.# #.# ###


You could see Harold.

Vanquished Creatures
  The ghost of topfpfpflanze the Thaumaturge, a novice OpEE of Gozag (D:7)
  Grinder (D:3)
  A hippogriff (D:7)
  A hungry ghost (D:8)
  A water moccasin (D:5)
  A black bear (D:7)
  3 ogres (D:7)
  2 orc warriors
  A necrophage (D:7)
  A centaur (D:8)
  A big kobold (D:7)
  4 bullfrogs
  2 scorpions (D:6)
  3 killer bees (D:7)
  3 howler monkeys
  2 crimson imps (D:6)
  3 hounds
  A bullfrog zombie (D:5)
  2 jellies
  7 orc wizards
  3 orc priests
  A bullfrog skeleton (D:6)
  An iguana (D:4)
  Natasha (thrice) (D:3)
  5 worker ants
  A spectral killer bee (D:7)
  A hound zombie (D:7)
  3 worker ant zombies
  8 adders
  8 gnolls
  A shadow imp (D:7)
  An ooze (D:3)
  2 adder skeletons
  An adder zombie (D:7)
  7 worms
  4 leopard geckos
  14 orcs
  A ball python (D:2)
  5 giant cockroaches
  10 goblins
  8 hobgoblins
  9 jackals
  8 kobolds
  7 quokkas
  3 bats
  2 frilled lizards
  A jackal skeleton (D:4)
  2 jackal zombies (D:6)
  A leopard gecko zombie (D:6)
  5 rats
167 creatures vanquished.

Notes
Turn   | Place    | Note
-------+----------+-------------------------------------------
     0 | D:1      | Revguard the Minotaur Fighter began the quest for the Orb.
     0 | D:1      | Reached XP level 1. HP: 19/19 MP: 0/0
    59 | D:1      | Reached XP level 2. HP: 10/27 MP: 1/1
   758 | D:2      | Reached skill level 1 in Dodging
   758 | D:2      | Reached XP level 3. HP: 33/33 MP: 2/2
  1759 | D:3      | Noticed Grinder
  1760 | D:3      | Paralysed by Grinder for 3 turns
  1792 | D:3      | Killed Grinder
  1792 | D:3      | Reached skill level 4 in Axes
  1792 | D:3      | Reached XP level 4. HP: 31/41 MP: 3/3
  1792 | D:3      | Reached XP level 5. HP: 36/47 MP: 4/4
  1886 | D:3      | Noticed Natasha
  1887 | D:3      | Reached XP level 6. HP: 53/53 MP: 5/5
  1900 | D:3      | Killed Natasha
  1919 | D:3      | Noticed Natasha
  1923 | D:3      | Killed Natasha
  2088 | D:3      | Noticed Natasha
  2094 | D:3      | Killed Natasha
  2094 | D:3      | Reached skill level 5 in Axes
  2340 | D:3      | Reached skill level 5 in Armour
  2426 | D:4      | Found a deep blue altar of Sif Muna.
  2467 | D:4      | Reached skill level 5 in Shields
  2513 | D:4      | Reached XP level 7. HP: 37/60 MP: 6/6
  2583 | D:4      | Reached skill level 6 in Axes
  2853 | D:4      | Reached skill level 5 in Fighting
  3023 | D:5      | Entered Level 5 of the Dungeon
  3491 | D:5      | Found Daphab's Assorted Antiques.
  3500 | D:5      | Bought a blackened bone ring for 135 gold pieces
  3530 | D:5      | Reached skill level 7 in Axes
  3886 | D:6      | Reached XP level 8. HP: 33/69 MP: 7/7
  4469 | D:6      | Reached skill level 8 in Axes
  4814 | D:6      | Got a faintly humming scale mail
  4819 | D:6      | Identified the +3 scale mail of the Trombone {MR++ Int+5}
                  | (You found it on level 6 of the Dungeon)
  5298 | D:7      | Found Hyroaz's Magic Scroll Boutique.
  5309 | D:7      | Found a hazy altar of Hepliaklqana.
  5335 | D:7      | Reached skill level 9 in Axes
  5343 | D:7      | Reached skill level 5 in Dodging
  5343 | D:7      | Reached XP level 9. HP: 50/77 MP: 8/8
  5407 | D:7      | Noticed topfpfpflanze's ghost (novice OpEE)
  5423 | D:7      | Found a staircase to the Ecumenical Temple.
  5426 | D:7      | Found a runed gate.
  5672 | Temple   | Entered the Ecumenical Temple
  6119 | D:7      | Found a runed gate.
  6331 | D:7      | Reached skill level 10 in Axes
  6446 | D:7      | Found a runed gate.
  6511 | D:7      | Killed topfpfpflanze's ghost
  6832 | D:8      | Upgraded the game from 0.22.1-1-ga44c0e56f4 to
                  | 0.22.1-2-g9c5b331383
  6878 | D:8      | Noticed Harold
  6894 | D:8      | HP: 5/118 [Harold/halberd (25)]
  6895 | D:8      | Demolished by Harold

Skill      XL: |  1  2  3  4  5  6  7  8  9 |
---------------+----------------------------+-----
Fighting       | 4 5 6 7 |  7.1
Armour         | 4 5 6 7 |  7.9
Shields        | 4 5 6 7 |  7.6
Dodging        | 1 2 3 4 5 |  5.4
Axes           | 4 5 7 9 10 | 10.7

Action                   |  1- 3 |  4- 6 |  7- 9 || total
-------------------------+-------+-------+-------++-------
Melee: War axe           |    85 |    71 |   332 ||   488
       Headbutt          |     9 |    14 |    51 ||    74
  Use: Potion            |     4 |     4 |    12 ||    20
       Scroll            |       |     7 |     1 ||     8
  Eat: Chunk             |     2 |     3 |    12 ||    17
       Ration            |       |       |     1 ||     1
Armor: Scale mail        |    12 |       |     4 ||    16
       Plate armour      |    28 |    38 |   146 ||   212
       Skin              |       |       |    17 ||    17
Dodge: Dodged            |    19 |    14 |    88 ||   121
Block: Shield            |    44 |    34 |   199 ||   277
